 Dungeon Crawl Stone Soup version 0.30-a0-883-g5ad918d77d (webtiles) character file.

Game seed: 8509038445414753858

379159 Demosthentine the Slayer (level 21, -10/334 HPs)
             Began as a Demonspawn Gladiator on Mar 16, 2023.
             Was the Champion of Hepliaklqana.
             Mangled by a tengu reaver
             ... wielding a +0 long sword
              (13 damage)
             ... on level 5 of the Vaults.
             The game lasted 01:13:42 (43442 turns).

Demosthentine the Slayer (Demonspawn Gladiator)    Turns: 43442, Time: 01:13:43

Health: -10/334    AC: 22    Str: 16    XL:     21   Next: 51%
Magic:  27/33      EV: 27    Int: 20    God:    Hepliaklqana [******]
Gold:   4092       SH: 28    Dex: 22    Spells: 20/20 levels left

rFire   + . .      SeeInvis .    a - +7 trident of Kuocer {freeze, rPois Str+3}
rCold   + + +      Faith    .    J - +3 buckler
rNeg    + + +      Spirit   .    H - +4 troll leather armour
rPois   +          Reflect  +    y - +2 helmet {Int+3}
rElec   +          Rampage  .    o - scarf {repulsion}
rCorr   +          Clarity  +    (gloves unavailable)
Will    ++...                    O - +2 pair of boots of the End {Fly rC+ Int+2} Stlth
                                 s - amulet of Moq Opa {Reflect rPois Will+ SH+5}
HPRegen 1.55/turn                X - ring of Intercession {rElec rC+ rN+++ rCorr Int-3}
MPRegen 0.23/turn                t - ring of the Hart {rF+ rC+ Str-5 Int+8 Slay+5}

@: berserking, flying, studying Stealth, repel missiles, very quick
A: reduced essence, large bone plates 3, foul stench 2, icemail 2, robust 3,
condensation shield, demonic touch 3, clarity, deformed body
}: 3/15 runes: barnacled, abyssal, gossamer
a: Renounce Religion, Recall Ancestor, Ancestor Identity, Transference, Idealise


You were on level 5 of the Vaults.
You worshipped Hepliaklqana.
Hepliaklqana was exalted by your worship.
You visited 8 branches of the dungeon, and saw 39 of its levels.
You visited the Abyss 3 times.
You also visited: Gauntlet and Ice Cave.

You collected 5599 gold pieces.
You spent 1507 gold pieces at shops.

Inventory:

Hand Weapons
 a - the +7 trident of Kuocer (weapon) {freeze, rPois Str+3}
   (You acquired it on level 1 of the Lair of Beasts)

   Str:       It affects your strength (+3).
   rPois:     It protects you from poison.
Missiles
 e - 19 javelins
 f - 9 silver javelins
 q - a throwing net (quivered)
Armour
 o - a scarf of repulsion (worn)
 y - a +2 helmet of intelligence (worn)
 A - a +1 kite shield of protection
 H - a +4 troll leather armour (worn)
 I - +0 gold dragon scales
 J - a +3 buckler (worn)
 O - the +2 pair of boots of the End (worn) {Fly rC+ Int+2}
   (You found it on level 2 of the Elven Halls)

   Int:       It affects your intelligence (+2).
   rC:        It protects you from cold.
   Fly:       It grants you flight.
 R - the +0 hat "Yredi" {rElec SInv}
   (You found it on level 4 of the Spider Nest)

   rElec:     It insulates you from electricity.
   SInv:      It lets you see invisible.
Jewellery
 n - the ring "Verueher" {rPois rF+ Will+}
   (You found it in a Gauntlet)

   [ring of poison resistance]

   rF:        It protects you from fire.
   rPois:     It protects you from poison.
   Will:      It increases your willpower.
 s - the amulet of Moq Opa (around neck) {Reflect rPois Will+ SH+5}
   (You bought it in a shop on level 2 of the Orcish Mines)

   [amulet of reflection]

   It reflects blocked missile attacks.
   rPois:     It protects you from poison.
   SH:        It affects your SH (+5).
   Will:      It increases your willpower.
 t - the ring of the Hart (right hand) {rF+ rC+ Str-5 Int+8 Slay+5}
   (You took it off a deep elf pyromancer on level 1 of the Elven Halls)

   [ring of protection from cold]

   Str:       It affects your strength (-5).
   Int:       It affects your intelligence (+8).
   Slay:      It affects your accuracy & damage with ranged weapons and melee
   (+5).
   rF:        It protects you from fire.
   rC:        It protects you from cold.
 X - the ring of Intercession (left hand) {rElec rC+ rN+++ rCorr Int-3}
   (You acquired it on level 3 of the Elven Halls)

   [ring of protection from cold]

   Int:       It affects your intelligence (-3).
   rC:        It protects you from cold.
   rElec:     It insulates you from electricity.
   rN:        It renders you almost immune to negative energy.
   rCorr:     It protects you from acid and corrosion.
Wands
 d - a wand of paralysis (31)
 j - a wand of digging (34)
 v - a wand of mindburst (3)
 z - a wand of iceblast (19)
 B - a wand of quicksilver (15)
 D - a wand of flame (92)
Scrolls
 b - 2 scrolls of identify
 g - 2 scrolls of magic mapping
 i - 4 scrolls of fog
 k - 2 scrolls of enchant weapon
 p - 3 scrolls of amnesia
 x - a scroll of poison
 E - 9 scrolls of fear
 F - 6 scrolls of blinking
 G - a scroll of enchant armour
Potions
 c - 3 potions of resistance
 h - a potion of berserk rage
 l - 11 potions of mutation
 m - a potion of cancellation
 r - 5 potions of haste
 u - 2 potions of brilliance
 C - 15 potions of curing
 K - 2 potions of might
 L - a potion of magic
 M - 3 potions of invisibility
 P - a potion of flight


   Skills:
 + Level 21.3 Fighting
 + Level 18.3 Polearms
 - Level 1.7 Throwing
 + Level 10.1 Armour
 + Level 19.8 Dodging
 + Level 10.1 Shields
 - Level 17.3 Invocations
 - Level 9.6 Evocations


You had 20 spell levels left.
You didn't know any spells.
Your spell library contained the following spells:

 Spells                   Type           Power      Damage    Failure   Level
 Apportation              Tloc           0%         N/A       26%         1
 Beastly Appendage        Tmut           0%         N/A       26%         1
 Foxfire                  Conj/Fire      0%         2x1d4     26%         1
 Freeze                   Ice            0%         1d3       26%         1
 Magic Dart               Conj           0%         1d3       26%         1
 Necrotise                Necr           0%         1d4       26%         1
 Sandblast                Erth           0%         2d4       26%         1
 Summon Small Mammal      Summ           0%         N/A       26%         1
 Call Imp                 Summ           0%         N/A       38%         2
 Cigotuvi's Dreadful Rot  Necr/Pois/Air  0%         N/A       38%         2
 Passwall                 Tmut/Erth      0%         N/A       38%         2
 Poisonous Vapours        Pois/Air       0%         N/A       38%         2
 Scorch                   Fire           0%         2d5       38%         2
 Static Discharge         Conj/Air       0%         2-2/arc   38%         2
 Call Canine Familiar     Summ           0%         N/A       63%         3
 Dazzling Flash           Conj/Hex       0%         N/A       63%         3
 Frozen Ramparts          Ice            0%         1d1       63%         3
 Hailstorm                Conj/Ice       0%         3d3       63%         3
 Ignite Poison            Fire/Tmut/Pois 0%         N/A       63%         3
 Kindle Blastsparks       Fire/Tloc/Air  0%         2d10      63%         3
 Mephitic Cloud           Conj/Pois/Air  0%         N/A       63%         3
 Ozocubu's Armour         Ice            0%         N/A       63%         3
 Portal Projectile        Hex/Tloc       0%         N/A       63%         3
 Stone Arrow              Conj/Erth      0%         3d7       63%         3
 Vhi's Electric Charge    Tloc/Air       0%         N/A       63%         3
 Animate Armour           Summ/Erth      0%         N/A       95%         4
 Dispel Undead            Necr           0%         3d6       95%         4
 Flame Wave               Conj/Fire      0%         2d4       95%         4
 Ice Form                 Ice/Tmut       0%         N/A       95%         4
 Leda's Liquefaction      Hex/Erth       0%         N/A       95%         4
 Sticky Flame             Conj/Fire      0%         2d3       95%         4
 Summon Ice Beast         Ice/Summ       0%         N/A       95%         4
 Alistair's Intoxication  Tmut/Pois      0%         N/A       100%        5
 Arcjolt                  Conj/Air       0%         1d10      100%        5
 Blade Hands              Tmut           0%         N/A       100%        5
 Fireball                 Conj/Fire      0%         3d3       100%        5
 Metabolic Englaciation   Hex/Ice        0%         N/A       100%        5
 Summon Mana Viper        Hex/Summ       0%         N/A       100%        5
 Death Channel            Necr           0%         N/A       100%        6
 Iron Shot                Conj/Erth      0%         9d1       100%        6
 Simulacrum               Ice/Necr       0%         N/A       100%        6
 Starburst                Conj/Fire      0%         6d3       100%        6
 Statue Form              Tmut/Erth      0%         N/A       100%        6
 Summon Cactus Giant      Summ           0%         N/A       100%        6
 Dragon Form              Tmut           0%         N/A       100%        7
 Haunt                    Necr/Summ      0%         N/A       100%        7
 Malign Gateway           Summ/Tloc      0%         N/A       100%        7
 Monstrous Menagerie      Summ           0%         N/A       100%        7
 Ignition                 Fire           0%         3d3       100%        8
 Maxwell's Capacitive Co  Air            0%         ∞         100%        8
 Summon Horrible Things   Summ           0%         N/A       100%        8
 Shatter                  Erth           0%         3d5*      100%        9


Dungeon Overview and Level Annotations

Branches:
Dungeon (15/15)            Temple (1/1) D:5            Lair (5/5) D:8
 Shoals (4/4) Lair:2       Spider (4/4) Lair:3        Slime (0/5) Lair:5
    Orc (2/2) D:9             Elf (3/3) Orc:2        Vaults (5/5) D:14
  Crypt (0/3) Vaults:3     Depths (0/4) D:15          IceCv (visited)
Gauntlet (visited)

Altars:
Ashenzari
Cheibriados
Dithmenos
Fedhas
Gozag
Hepliaklqana
Kikubaaqudgha
Makhleb
Nemelex Xobeh
Okawaru
Qazlal
Ru
Sif Muna
Trog
Uskayaw
Vehumet
Wu Jian
Xom
Yredelemnul

Shops:
D:1 [   D:4 *   Orc:2 *(=[   Vaults:1 [   Vaults:3 !

Portals:
Trove: D:13 (give +6 demon trident)

Annotations:
Elf:2 1 runed translucent door


Innate Abilities, Weirdness & Mutations

Your life essence is reduced to manifest your ancestor. (-10% HP)
You are completely covered in large bone plates. (SH +8)
You sometimes emit foul miasma when damaged in melee.
A meltable icy envelope protects you from harm. (AC +8)
You are extremely robust. (+30% HP)
A meltable shield of frost defends you. (SH +4)
Your touch may irresistibly damage your foes and sap their willpower.
You possess an exceptional clarity of mind.
Armour fits poorly on your strangely shaped body.


Message History

The titan is almost dead.
Unknown command.
You impale the titan!! You freeze the titan.
You kill the titan!
Unknown command.
You see here a titan corpse.
Reach: a) +7 trident of Kuocer {freeze, rPois Str+3}
Press: ? - help, Dir - move target, f - tengu reaver
Aim: a tengu reaver, wielding a +0 long sword, wearing a +0 scale mail and wearing a +0 buckler (about 29% to evade the +7 trident of Kuocer)
You reach to attack!
The tengu reaver blocks your attack.
Unknown command.
Reach: a) +7 trident of Kuocer {freeze, rPois Str+3}
Press: ? - help, Dir - move target, f/p - tengu reaver
Aim: a tengu reaver, wielding a +0 long sword, wearing a +0 scale mail and wearing a +0 buckler (about 29% to evade the +7 trident of Kuocer)
You puncture the tengu reaver! You freeze the tengu reaver.
The tengu reaver is lightly wounded.
Reach: a) +7 trident of Kuocer {freeze, rPois Str+3}
Press: ? - help, Dir - move target, f/p - tengu reaver
Aim: a tengu reaver, wielding a +0 long sword, wearing a +0 scale mail and wearing a +0 buckler (lightly wounded, about 29% to evade the +7 trident of Kuocer)
You completely miss the tengu reaver.
The tengu reaver is lightly wounded.
The tengu reaver blocks your attack.
The tengu reaver is lightly wounded.
The tengu reaver points at you and mumbles some strange words.
The bolt of cold is repelled.
You hit the tengu reaver. You freeze the tengu reaver.
The tengu reaver is moderately wounded.
You hit the tengu reaver. You freeze the tengu reaver.
The tengu reaver is moderately wounded.
The tengu reaver hits you with a +0 long sword.
* * * LOW HITPOINT WARNING * * *
You block the tengu reaver's attack. The tengu reaver closely misses you.
You miss the tengu reaver.
The tengu reaver is moderately wounded.
The tengu reaver blocks your attack.
The tengu reaver is moderately wounded.
You completely miss the tengu reaver.
The tengu reaver is moderately wounded.
The tengu reaver hits you with a +0 long sword!
You die...

#####
....#
....#
###Q..^#
#.@....#
#.#.#..#
#.#.# #
#.#.#
..#.#
#.#.#
#.#.#
#.#.#


You could see a tengu reaver.

Vanquished Creatures
  An ancient lich (Vaults:4)
  Bai Suzhen (Vaults:2)
  Rupert (D:14)
  2 deep elf blademasters (Elf:3)
  A titan (Vaults:5)
  2 deep elf master archers (Elf:3)
  An Executioner (Abyss:3)
  4 sphinxes
  2 tentacled starspawn (Abyss:3)
  A storm dragon (Shoals:4)
  2 tengu reavers
  Roxanne (Elf:2)
  5 emperor scorpions
  4 vault wardens
  3 ghost moths (Spider:4)
  An orc warlord (Orc:1)
  A broodmother (Spider:2)
  2 deep elf elementalists (Elf:3)
  15 ironbound preservers
  3 ironbound thunderhulks
  A war gargoyle (Vaults:4)
  2 stone giants
  A vampire knight (Vaults:3)
  A green draconian (Abyss:4)
  A minotaur (Gauntlet)
  5 deep elf demonologists
  A lorocyproca (Abyss:2)
  6 deep elf annihilators
  A spark wasp (Spider:3)
  Azrael (D:13)
  2 ettins
  7 merfolk impalers (Shoals:4)
  11 dire elephants
  10 deep elf death magi
  A deep elf high priest (Elf:3)
  4 merfolk javelineers (Shoals:4)
  9 entropy weavers
  7 great orbs of eyes
  Josephine (D:13)
  A fire dragon (D:15)
  8 yaktaur captains
  2 ice dragons
  26 vault guards
  A peacekeeper (Vaults:2)
  2 hydras (Lair:5)
  A catoblepas (Lair:4)
  A merfolk avatar (Shoals:4)
  A death knight (D:15)
  7 ironbound frosthearts
  28 dancing weapons
  A merfolk aquamancer (Shoals:4)
  A radroach (Spider:4)
  9 boulder beetles
  9 centaur warriors
  6 death yaks
  The ghost of Valamore the Thaumaturge, a novice MeEE of Cheibriados (D:8)
  3 two-headed ogres
  3 satyrs
  2 thrashing horrors (Abyss:3)
  2 tengu warriors
  3 orc high priests (Orc:2)
  6 skysharks
  2 wretched stars (Abyss:3)
  18 deep elf knights
  4 pharaoh ants
  6 sea snakes
  A spatial maelstrom (Abyss:3)
  2 sun moths (Spider:2)
  2 skeletal warriors (D:15)
  A flayed ghost (Vaults:5)
  2 glowing orange brains (Gauntlet)
  3 wizards (Vaults:4)
  6 orb spiders
  34 deep trolls
  12 deep elf archers
  11 ironbound convokers
  18 deep elf pyromancers
  4 steelbarb worms
  Pikel (D:6)
  4 lindwurms
  A phantasmal warrior (Vaults:4)
  A mana viper (Abyss:3)
  28 deep elf zephyrmancers
  7 harpies
  A necromancer (Vaults:3)
  2 orc sorcerers
  24 ugly things
  18 wolf spiders
  4 orc knights
  3 cyclopes
  16 manticores
  15 fauns
  9 black mambas
  2 moths of wrath (Spider:4)
  A human skeleton (Vaults:3)
  A black mamba (shapeshifter) (D:14)
  8 water nymphs
  4 demonic crawlers
  10 vault sentinels
  A guardian serpent (Lair:5)
  A smoke demon (Gauntlet)
  7 merfolk sirens
  3 elephants (Lair:5)
  2 gargoyles (D:12)
  2 torpor snails (Spider:3)
  An orange demon (Abyss:2)
  2 ice statues (IceCv)
  A hellion (Gauntlet)
  9 cane toads
  A minotaur zombie (Gauntlet)
  11 rime drakes
  A kobold demonologist (D:11)
  An unseen horror (shapeshifter) (D:13)
  7 yaktaurs
  3 freezing wraiths (D:15)
  A tengu conjurer (D:14)
  4 komodo dragons
  2 ancient zymes (Abyss:3)
  9 merfolk
  A meliai (shapeshifter) (D:14)
  6 trolls
  5 hornets
  6 polar bears
  9 wind drakes
  5 meliai
  22 tarantellas
  Prince Ribbit (D:5)
  3 raiju (Abyss:4)
  17 blink frogs
  An ettin zombie (Abyss:3)
  10 snapping turtles
  6 dream sheep
  A frost giant simulacrum (Vaults:3)
  Sigmund (D:4)
  2 dream sheep (shapeshifter)
  20 jumping spiders
  20 culicivoras
  A jumping spider (shapeshifter) (D:12)
  21 slime creatures
  19 water elementals
  7 air elementals
  A shadow (D:10)
  2 ynoxinuls (Abyss:3)
  9 wyverns
  37 yaks
  6 wraiths
  A basilisk (shapeshifter) (D:15)
  A chaos spawn (Abyss:3)
  2 neqoxecs (Abyss:3)
  2 steam dragons
  6 fire elementals
  7 vampire mosquitoes
  41 redbacks
  8 basilisks
  3 wargs
  3 large abominations
  An acid dragon (D:12)
  3 hell hounds
  20 water moccasins
  20 orc warriors
  6 ice beasts
  A sky beast (D:7)
  A black bear (Lair:1)
  8 ogres
  2 boggarts (Vaults:4)
  15 centaurs
  4 wolves
  3 phantoms
  2 lemures (D:6)
  13 kobold brigands
  A gnoll sergeant (D:9)
  7 bullfrogs
  6 earth elementals
  2 scorpions
  7 wights
  2 small abominations (Abyss:2)
  11 killer bees
  2 lindwurm simulacra (IceCv)
  An electric eel (Lair:5)
  3 hexers
  A komodo dragon simulacrum (IceCv)
  3 jellies
  4 hounds
  11 orc priests
  A gnoll bouda (D:6)
  An iron imp (Abyss:3)
  2 sleepcaps (D:5)
  9 starcursed masses (Abyss:3)
  2 iguanas
  5 orc wizards
  Robin (D:3)
  6 adders
  10 acid dragon simulacra (IceCv)
  17 gnolls
  A shadow imp (D:5)
  2 white imps
  4 steam dragon simulacra (IceCv)
  3 worms
  2 dart slugs
  28 orcs
  7 endoplasms
  3 giant cockroaches
  20 goblins
  8 hobgoblins
  2 jackals (D:1)
  36 kobolds
  2 quokkas
  10 ball pythons
  5 bats
  6 rats
  2 starspawn tentacles (Abyss:3)
1272 creatures vanquished.

Vanquished Creatures (collateral kills)
  Zenata (Vaults:2)
  Frances (D:14)
  3 emperor scorpions
  4 ghost moths
  A vault warden (Vaults:3)
  2 ironbound preservers (Vaults:3)
  A very ugly thing (Vaults:4)
  A stone giant (Vaults:4)
  2 ironbound thunderhulks (Vaults:4)
  A deep elf demonologist (Elf:1)
  A merfolk javelineer (Shoals:4)
  A yaktaur captain (Vaults:4)
  2 entropy weavers
  A great orb of eyes (Vaults:1)
  2 vault guards
  A deep elf high priest (Vaults:4)
  2 hydras
  A merfolk avatar (Shoals:2)
  Erolcha (D:12)
  A centaur warrior (D:13)
  2 boulder beetles
  An alligator snapping turtle (Shoals:4)
  2 ironbound frosthearts
  A catoblepas (Lair:1)
  7 dancing weapons
  2 death yaks (Lair:3)
  A merfolk aquamancer (Shoals:4)
  2 orc high priests (Orc:2)
  A tengu warrior (D:15)
  A deep elf knight (Elf:1)
  A skyshark (Shoals:1)
  A wretched star (Abyss:3)
  A sea snake (Shoals:2)
  An ironbound convoker (Vaults:4)
  3 deep trolls
  A deep elf archer (Elf:1)
  2 wizards (Vaults:4)
  4 lindwurms (Vaults:3)
  A steelbarb worm (Spider:2)
  4 harpies
  3 deep elf zephyrmancers
  3 manticores
  3 deep elf pyromancers
  7 ugly things
  3 cyclopes
  5 fauns
  3 wolf spiders
  A moth of wrath (Spider:2)
  A tengu skeleton (Vaults:3)
  2 black mambas (Lair:5)
  A merfolk siren (Shoals:2)
  A smoke demon (Abyss:3)
  4 water nymphs
  2 demonic crawlers (Spider:3)
  A gargoyle (D:13)
  A torpor snail (Lair:4)
  2 cane toads
  Maggie (Lair:2)
  2 freezing wraiths
  A rime drake (IceCv)
  2 komodo dragons
  A yaktaur (Vaults:2)
  5 trolls
  A meliai (D:15)
  3 merfolk
  A queen bee (shapeshifter) (D:15)
  A wind drake (Shoals:3)
  5 blink frogs
  2 hornets
  4 dream sheep
  A snapping turtle (Shoals:3)
  10 jumping spiders
  10 water elementals
  11 slime creatures
  A wraith (D:11)
  A shadow (D:11)
  A centaur simulacrum (D:15)
  3 culicivoras
  2 wyverns
  4 air elementals
  A fire elemental (D:14)
  7 yaks
  A basilisk (Lair:5)
  2 vampire mosquitoes (D:15)
  A chaos spawn (Abyss:3)
  A spatial vortex (Abyss:3)
  7 redbacks
  A hell hound (Gauntlet)
  2 acid dragons
  2 water moccasins
  2 orc warriors (Orc:2)
  An ogre (Orc:2)
  2 wolves (Lair:4)
  4 centaurs
  A phantom (D:7)
  A kobold brigand (D:8)
  3 bullfrogs
  An earth elemental (Elf:1)
  2 wights (D:8)
  3 killer bees (D:11)
  A lindwurm simulacrum (IceCv)
  2 komodo dragon simulacra (IceCv)
  An orc wizard (Orc:2)
  A steam dragon simulacrum (IceCv)
  6 orcs
  A kobold (D:9)
242 creatures vanquished.

Vanquished Creatures (others)
  2 merfolk aquamancers (Shoals:4)
  A deep elf knight (Elf:2)
  2 deep elf zephyrmancers
  2 deep elf pyromancers (Elf:1)
  A sky beast (D:8)
  A boggart (Vaults:4)
  A kobold brigand (D:8)
  3 ancestors
  56 hexers
  15 demonic plants (Gauntlet)
  51 fungi
  A lurking horror (Abyss:3)
  132 plants
  5 starspawn tentacles (Abyss:3)
273 creatures vanquished.

Grand Total: 1787 creatures vanquished

Notes
Turn   | Place    | Note
-------+----------+-------------------------------------------
     0 | D:1      | Demosthentine the Demonspawn Gladiator began the quest for
                  | the Orb.
     0 | D:1      | Reached XP level 1. HP: 16/16 MP: 1/1
   267 | D:1      | Gained mutation: You may rarely emit foul miasma when
                  | damaged in melee. [demonic ancestry]
   267 | D:1      | Reached XP level 2. HP: 22/22 MP: 2/2
   285 | D:1      | Found Fumneat's Armour Shoppe.
   329 | D:1      | Found a faded altar of an unknown god.
   504 | D:1      | Reached skill level 1 in Armour
   525 | D:1      | Gained mutation: You are partially covered in large bone
                  | plates. (SH +4) [demonic ancestry]
   525 | D:1      | Reached XP level 3. HP: 23/28 MP: 3/3
  1009 | D:1      | Found a snail-covered altar of Cheibriados.
  1325 | D:2      | Gained mutation: You sometimes emit foul miasma when
                  | damaged in melee. [demonic ancestry]
  1325 | D:2      | Reached XP level 4. HP: 21/34 MP: 4/4
  1839 | D:3      | Noticed Robin
  1850 | D:3      | Reached skill level 1 in Shields
  1851 | D:3      | Killed Robin
  1902 | D:3      | Gained mutation: A meltable shield of frost defends you.
                  | (SH +4) [demonic ancestry]
  1902 | D:3      | Reached XP level 5. HP: 40/40 MP: 5/5
  2024 | D:3      | Reached skill level 3 in Fighting
  2612 | D:3      | Found a broken altar of Ashenzari.
  2613 | D:3      | Found a basalt altar of Yredelemnul.
  2616 | D:3      | Found a radiant altar of Vehumet.
  2617 | D:3      | Found a hide-covered altar of Uskayaw.
  2690 | D:4      | Noticed Sigmund
  2705 | D:4      | Killed Sigmund
  2706 | D:4      | Gained mutation: A meltable icy envelope protects you from
                  | harm. (AC +8) [demonic ancestry]
  2706 | D:4      | Reached XP level 6. HP: 40/47 MP: 6/6
  2875 | D:4      | Gained mutation: Your touch may inflict minor irresistible
                  | damage on your foes. [demonic ancestry]
  2875 | D:4      | Reached XP level 7. HP: 47/53 MP: 7/7
  3054 | D:4      | Found Voujij's Lightly-Used Armoury.
  3063 | D:4      | Bought a -2 demon trident for 55 gold pieces
  3132 | D:4      | Reached skill level 4 in Fighting
  3680 | D:5      | Entered Level 5 of the Dungeon
  3683 | D:5      | Noticed Prince Ribbit
  3692 | D:5      | Killed Prince Ribbit
  3701 | D:5      | Found a staircase to the Ecumenical Temple.
  3823 | D:5      | Gained mutation: You are mostly covered in large bone
                  | plates. (SH +6) [demonic ancestry]
  3823 | D:5      | Reached XP level 8. HP: 29/61 MP: 8/8
  4161 | D:5      | Reached skill level 5 in Dodging
  4445 | D:5      | Reached skill level 5 in Fighting
  4445 | D:5      | Reached skill level 5 in Polearms
  4766 | D:6      | Found an ancient bone altar of Kikubaaqudgha.
  4802 | D:6      | Noticed Pikel
  5020 | Temple   | Entered the Ecumenical Temple
  5226 | Temple   | Became a worshipper of Hepliaklqana the Forgotten
  5321 | D:6      | Killed Pikel
  5322 | D:6      | Reached XP level 9. HP: 67/69 MP: 9/9
  5558 | D:6      | Reached skill level 5 in Armour
  5764 | D:7      | You fall into a shaft and drop 3 floors!
  5764 | D:10     | Entered Level 10 of the Dungeon
  5791 | D:10     | Reached skill level 6 in Fighting
  5874 | D:9      | Noticed a two-headed ogre
  5881 | D:8      | Reached skill level 5 in Shields
  5981 | D:8      | Noticed a polar bear
  5986 | D:8      | Noticed a rime drake
  5991 | D:8      | Noticed a polar bear
  6003 | D:8      | Killed a polar bear
  6036 | D:8      | Killed a polar bear
  6039 | D:8      | Killed a rime drake
  6040 | D:8      | Reached XP level 10. HP: 31/77 MP: 10/10
  6214 | D:8      | Found a staircase to the Lair.
  6284 | D:8      | Found a runed translucent gate.
  6284 | D:8      | Found a runed translucent gate.
  6284 | D:8      | Found a runed translucent gate.
  6285 | D:8      | Noticed Valamore's ghost (novice MeEE)
  6342 | D:8      | Reached * piety under Hepliaklqana
  6358 | D:8      | Reached skill level 7 in Fighting
  6714 | D:7      | Found an ornate altar of the Wu Jian Council.
  6980 | D:7      | Found a shimmering blue altar of Sif Muna.
  6984 | D:7      | Reached ** piety under Hepliaklqana
  7546 | D:8      | Reached skill level 1 in Invocations
  7981 | D:8      | Killed Valamore's ghost
  7988 | Abyss:1  | Cast into level 1 of the Abyss (kobold brigand)
  8049 | Abyss:1  | Noticed a hell hog
  8050 | Abyss:1  | Noticed a hell hog
  8053 | Abyss:1  | Noticed a hell hog
  8150 | D:8      | Escaped the Abyss
  8546 | D:9      | Killed a two-headed ogre
  8547 | D:9      | Reached skill level 8 in Fighting
  8560 | D:9      | Gained mutation: Your touch may inflict irresistible damage
                  | on your foes. [demonic ancestry]
  8560 | D:9      | Reached XP level 11. HP: 73/77 MP: 14/14
  8606 | D:9      | Remembered your ancestor Numeria as a hexer
  8626 | D:9      | Found a staircase to the Orcish Mines.
  8826 | D:9      | Found a sparkling altar of Nemelex Xobeh.
  8866 | D:9      | Reached skill level 5 in Invocations
  8923 | D:9      | Found a shadowy altar of Dithmenos.
  8937 | D:9      | Reached *** piety under Hepliaklqana
  9872 | D:11     | Noticed a two-headed ogre
  9879 | D:11     | Killed a two-headed ogre
 10113 | D:11     | Noticed a two-headed ogre
 10119 | D:11     | Killed a two-headed ogre
 10233 | D:11     | Reached **** piety under Hepliaklqana
 10421 | D:11     | Reached skill level 9 in Fighting
 10804 | D:12     | Noticed Erolcha
 10815 | D:12     | Killed Erolcha
 10816 | D:12     | Gained mutation: A meltable icy envelope protects you from
                  | harm. (AC +8) [demonic ancestry]
 10816 | D:12     | Reached XP level 12. HP: 86/86 MP: 16/16
 11596 | D:13     | Found a gate leading to a gauntlet.
 11625 | D:13     | Reached skill level 10 in Fighting
 11627 | Gauntlet | Entered a Gauntlet
 11627 | Gauntlet | Found a transporter.
 11627 | Gauntlet | Found a transporter.
 11631 | Gauntlet | Found a transporter.
 11631 | Gauntlet | Found a transporter.
 11639 | Gauntlet | Found a transporter.
 11642 | Gauntlet | Found a transporter.
 11663 | Gauntlet | Found a transporter.
 11668 | Gauntlet | Found a transporter.
 11727 | Gauntlet | Found a transporter.
 11742 | Gauntlet | Found a transporter.
 11752 | Gauntlet | Found a transporter.
 11761 | Gauntlet | Noticed a tengu warrior
 11762 | Gauntlet | Found a transporter.
 11863 | Gauntlet | Identified the ring "Verueher" {rPois rF+ Will+}
 11931 | Gauntlet | Noticed a minotaur
 11948 | Gauntlet | Killed a minotaur
 12041 | D:13     | Noticed a centaur warrior
 12068 | D:13     | Killed a centaur warrior
 12145 | D:13     | Noticed an eight-headed hydra
 12152 | D:13     | Killed an eight-headed hydra
 12249 | D:13     | Noticed a centaur warrior
 12256 | D:13     | Noticed Josephine
 12264 | D:13     | Reached skill level 10 in Dodging
 12280 | D:13     | Reached skill level 11 in Fighting
 12280 | D:13     | Reached skill level 10 in Polearms
 12285 | D:13     | Killed a centaur warrior
 12299 | D:13     | Killed Josephine
 12403 | D:13     | Noticed a centaur warrior
 12417 | D:13     | Killed a centaur warrior
 12519 | D:13     | Found a portal to a secret trove of treasure.
 12707 | D:14     | Noticed a tengu warrior
 12719 | D:14     | Killed a tengu warrior
 12720 | D:14     | Gained mutation: You are completely covered in large bone
                  | plates. (SH +8) [demonic ancestry]
 12720 | D:14     | Reached XP level 13. HP: 93/95 MP: 20/20
 12720 | D:14     | Reached ***** piety under Hepliaklqana
 12794 | D:14     | HP: 4/96 [meliai/divine providence (15)]
 12911 | D:14     | Reached skill level 12 in Fighting
 12911 | D:14     | Reached skill level 10 in Invocations
 12974 | D:14     | Noticed Rupert
 12976 | D:14     | Noticed Frances
 13022 | D:14     | Killed Rupert
 13032 | D:14     | Killed Frances
 13126 | D:14     | Found a gate to the Vaults.
 13341 | D:14     | Noticed Azrael
 13357 | D:13     | Killed Azrael
 13358 | D:13     | Reached skill level 13 in Fighting
 13644 | D:15     | Entered Level 15 of the Dungeon
 13815 | D:15     | Noticed a fire dragon
 13849 | D:15     | Killed a fire dragon
 13915 | D:15     | Found a staircase to the Depths.
 14057 | D:15     | Gained mutation: Your touch may irresistibly damage your
                  | foes and sap their willpower. [demonic ancestry]
 14057 | D:15     | Reached XP level 14. HP: 107/107 MP: 22/22
 14450 | D:15     | Reached skill level 14 in Fighting
 14894 | Lair:1   | Entered Level 1 of the Lair of Beasts
 15727 | Lair:1   | Identified a scroll of acquirement
 15727 | Lair:1   | Acquired the +7 trident of Kuocer {freeze, rPois Str+3}
 15891 | Lair:2   | Noticed Maggie
 15909 | Lair:2   | Killed Maggie
 15979 | Lair:2   | Found a staircase to the Shoals.
 16653 | Lair:3   | Reached skill level 15 in Fighting
 16721 | Lair:3   | Found a hole to the Spider Nest.
 17466 | Lair:4   | Reached ****** piety under Hepliaklqana
 17536 | Lair:4   | Identified the ring of Xom's Flight of Fancy {Drain rC+ rN+
                  | Dex+2}
 18276 | Lair:4   | Acquired a manual of Dodging
 18293 | Lair:5   | Entered Level 5 of the Lair of Beasts
 18301 | Lair:5   | Reached XP level 15. HP: 106/117 MP: 25/25
 18426 | Lair:5   | Reached skill level 16 in Fighting
 18519 | Lair:5   | Found a staircase to the Slime Pits.
 19512 | Orc:1    | Entered Level 1 of the Orcish Mines
 19532 | Orc:1    | Found a frozen archway.
 19549 | IceCv    | Entered an ice cave
 20173 | Orc:2    | Entered Level 2 of the Orcish Mines
 20227 | Orc:2    | Reached skill level 15 in Invocations
 20373 | Orc:2    | Found Kycebryv's Antique Weapon Emporium.
 20410 | Orc:2    | Bought a fine spear for 232 gold pieces
 20410 | Orc:2    | Identified the +3 spear of Muidd {flame, rN++ Will- Int+5}
                  | (You bought it in a shop on level 2 of the Orcish Mines)
 20419 | Orc:2    | Found Piym's General Store.
 20459 | Orc:2    | Bought a scroll of enchant weapon for 112 gold pieces
 20459 | Orc:2    | Bought a potion of curing for 45 gold pieces
 20673 | Orc:2    | Found Casia's Jewellery Shoppe.
 20690 | Orc:2    | Bought the amulet of Moq Opa {Reflect rPois Will+ SH+5} for
                  | 702 gold pieces
 20873 | Orc:2    | Found Ymuagoc's Antique Armour Emporium.
 20907 | Orc:2    | Found a staircase to the Elven Halls.
 21273 | Spider:1 | Entered Level 1 of the Spider Nest
 21566 | Spider:1 | Noticed an emperor scorpion
 21577 | Spider:1 | Killed an emperor scorpion
 21798 | Spider:1 | Reached XP level 16. HP: 110/126 MP: 27/27
 22533 | Spider:1 | Identified the +3 leather armour of Hucluk {Dex+3 SInv}
 22717 | Spider:2 | Reached skill level 1 in Evocations
 22733 | Spider:2 | Reached skill level 17 in Fighting
 23015 | Spider:2 | Reached skill level 15 in Dodging
 25351 | Spider:4 | Entered Level 4 of the Spider Nest
 25361 | Spider:4 | Reached skill level 5 in Evocations
 25605 | Spider:4 | Identified the +1 plate armour "Epheawk" {Fly rF- Regen+
                  | rCorr}
 25954 | Spider:4 | Gained mutation: You are robust. (+10% HP) [demonic
                  | ancestry]
 25954 | Spider:4 | Reached XP level 17. HP: 95/149 MP: 2/28
 26888 | Spider:4 | Identified the +0 hat "Yredi" {rElec SInv}
 26906 | Spider:4 | Got a gossamer rune of Zot
 27233 | Shoals:1 | Entered Level 1 of the Shoals
 27240 | Shoals:1 | Reached skill level 18 in Fighting
 27252 | Shoals:1 | Identified the +8 great sword of Mandamus {flame, +Blink
                  | Str+4 Int+3 Stlth+}
 28107 | Shoals:2 | Reached skill level 15 in Polearms
 29189 | Shoals:4 | Entered Level 4 of the Shoals
 29189 | Shoals:4 | Found a blossoming altar of Fedhas.
 29216 | Shoals:4 | Paralysed by an air elemental for 1 turns
 29219 | Shoals:4 | Paralysed by an air elemental for 1 turns
 29224 | Shoals:4 | Paralysed by an air elemental for 1 turns
 29321 | Shoals:4 | Paralysed by an air elemental for 1 turns
 29330 | Shoals:4 | Paralysed by an air elemental for 1 turns
 29337 | Shoals:4 | Paralysed by an air elemental for 1 turns
 29343 | Shoals:4 | Paralysed by an air elemental for 1 turns
 29596 | Shoals:4 | Paralysed by an air elemental for 1 turns
 29600 | Shoals:4 | Paralysed by an air elemental for 1 turns
 29607 | Shoals:4 | Paralysed by an air elemental for 1 turns
 29615 | Shoals:4 | Paralysed by an air elemental for 1 turns
 29619 | Shoals:4 | Paralysed by an air elemental for 1 turns
 29622 | Shoals:3 | Paralysed by an air elemental for 1 turns
 29869 | Shoals:4 | Gained mutation: You are very robust. (+20% HP) [demonic
                  | ancestry]
 29869 | Shoals:4 | Reached XP level 18. HP: 97/173 MP: 29/29
 29962 | Shoals:4 | Paralysed by an air elemental for 1 turns
 30190 | Shoals:4 | Paralysed by an air elemental for 1 turns
 30278 | Shoals:4 | Paralysed by an air elemental for 1 turns
 30279 | Abyss:2  | Cast into level 2 of the Abyss (merfolk impaler)
 30354 | Abyss:2  | Found a corrupted altar of Lugonu.
 30541 | Abyss:3  | Found a corrupted altar of Lugonu.
 30683 | Abyss:3  | Paralysed by accursed screaming for 1 turns
 30747 | Abyss:3  | Got an abyssal rune of Zot
 30881 | Abyss:3  | Gained mutation: You have hidden genetic defects. [a
                  | neqoxec]
 30888 | Shoals:4 | Escaped the Abyss
 30888 | Shoals:4 | Paralysed by an air elemental for 1 turns
 30914 | Shoals:4 | Reached skill level 19 in Fighting
 31200 | Shoals:4 | Got a barnacled rune of Zot
 31577 | Elf:1    | Entered Level 1 of the Elven Halls
 31798 | Elf:1    | Gained mutation: You are clumsy. (Dex -2) [hidden defects]
 31842 | Elf:1    | Paralysed by an air elemental for 1 turns
 31842 | Elf:1    | Identified the ring of the Hart {rF+ rC+ Str-5 Int+8
                  | Slay+5}
 32011 | Elf:1    | Identified the ring of Starshine {rF+ Int+3}
 32015 | Elf:1    | Identified the +7 longbow of Seoqyej {heavy, Will++ MP+9
                  | Dex-2}
 32067 | Elf:1    | Noticed a Brimstone Fiend
 32803 | Elf:2    | Gained mutation: You are very clumsy. (Dex -4) [hidden
                  | defects]
 32803 | Elf:2    | Lost mutation: You have hidden genetic defects. [hidden
                  | defects expressed]
 32925 | Elf:1    | Paralysed by an air elemental for 1 turns
 33197 | Elf:2    | Identified Roxanne's Book of Variation
 33197 | Elf:2    | Noticed Roxanne
 33223 | Elf:2    | Killed Roxanne
 33265 | Elf:2    | Reached XP level 19. HP: 183/183 MP: 31/31
 33477 | Elf:2    | Identified the +2 pair of boots of the End {Fly rC+ Int+2}
 33636 | Elf:3    | Entered Level 3 of the Elven Halls
 33804 | Abyss:3  | Cast into level 3 of the Abyss (+4 lajatang of distortion)
 33874 | Abyss:4  | Found a corrupted altar of Lugonu.
 33928 | Abyss:4  | Found a corrupted altar of Lugonu.
 33972 | Elf:2    | Escaped the Abyss
 34173 | Elf:2    | Found a runed translucent door.
 34173 | Elf:2    | Found a runed translucent door.
 35526 | Elf:3    | Reached skill level 20 in Fighting
 35581 | Elf:3    | Gained mutation: Your magical capacity is low. (-10% MP) [a
                  | cacodemon]
 35747 | Elf:3    | Identified the ring "Wusopsiach" {*Corrode rF+ Dex+5}
 35750 | Elf:3    | Noticed a Brimstone Fiend
 36019 | Elf:3    | Identified the ring of Okawaru's Inspiration {+Blink Fly
                  | rN+ Str+2 Int-2}
 36206 | Elf:3    | Noticed a Tzitzimitl
 36331 | Elf:3    | Got the Anthology of the Salvo and the Mesa
 36352 | Elf:3    | Got the Commentary on Lava and Formation
 36360 | Elf:3    | Identified the +6 halberd of the Scorching Sybil {pain,
                  | *Rage rF- rC+++ rN+++}
 36397 | Elf:3    | Acquired the ring of Intercession {rElec rC+ rN+++ rCorr
                  | Int-3}
 36718 | Lair:1   | Lost mutation: Your magical capacity is low. (-10% MP)
                  | [potion of mutation]
 36718 | Lair:1   | Lost mutation: You are very clumsy. (Dex -4) [potion of
                  | mutation]
 36718 | Lair:1   | Gained mutation: Armour fits poorly on your strangely
                  | shaped body. [potion of mutation]
 36718 | Lair:1   | Lost mutation: You are clumsy. (Dex -2) [potion of
                  | mutation]
 36718 | Lair:1   | Gained mutation: You possess an exceptional clarity of
                  | mind. [potion of mutation]
 36926 | Vaults:1 | Entered Level 1 of the Vaults
 37195 | Vaults:1 | Paralysed by a great orb of eyes for 4 turns
 37407 | Vaults:1 | Found Hiupruomp's Armour Shoppe.
 37583 | Vaults:1 | Gained mutation: You are extremely robust. (+30% HP)
                  | [demonic ancestry]
 37583 | Vaults:1 | Reached XP level 20. HP: 182/209 MP: 32/32
 39066 | Vaults:2 | Noticed Bai Suzhen
 39085 | Vaults:2 | Killed Bai Suzhen
 39150 | Vaults:2 | Noticed Zenata
 39770 | Vaults:2 | Killed Zenata
 40088 | Vaults:3 | Found Kelups's Distillery.
 40186 | Vaults:3 | Bought a potion of curing for 57 gold pieces
 40186 | Vaults:3 | Bought a potion of heal wounds for 95 gold pieces
 40186 | Vaults:3 | Bought a potion of curing for 57 gold pieces
 40186 | Vaults:3 | Bought a potion of curing for 57 gold pieces
 40186 | Vaults:3 | Bought a potion of heal wounds for 95 gold pieces
 40365 | Vaults:3 | Identified the orb of the Orcish Mines {rF+}
 41740 | Vaults:3 | Found a staircase to the Crypt.
 41946 | Vaults:4 | Reached XP level 21. HP: 222/222 MP: 33/33
 41964 | Vaults:4 | Reached skill level 21 in Fighting
 42380 | Vaults:4 | Noticed an ancient lich
 42417 | Vaults:4 | Killed an ancient lich
 43123 | Vaults:5 | Entered Level 5 of the Vaults
 43125 | Vaults:5 | Noticed a golden dragon
 43263 | Vaults:4 | Reached skill level 10 in Armour
 43310 | Vaults:4 | Reached skill level 10 in Shields
 43428 | Vaults:5 | HP: 8/334 [tengu reaver/bolt of lightning (16)]
 43429 | Vaults:5 | HP: 1/334 [titan/bolt of lightning (8)]
 43439 | Vaults:5 | HP: 1/334 [tengu reaver/+0 long sword (6)]
 43442 | Vaults:5 | Mangled by a tengu reaver

Illustrated notes

Levels and vault maps discovered:
D:1:      dpeg_arrival_water_altar, layout_basic,
          ebering_ecumenical_altar_abandoned, serial_shops, shop,
          chequers_serial_rivers_small_3
D:2:      layout_rooms
D:3:      layout_basic, mainiacjoe_overflow_alcove_3, grunt_ministairs_4,
          uniq_robin
D:4:      cheibrodos_thug_alley, layout_cave_pods, minmay_shop_damaged,
          dreamdust_gnoll_farm, uniq_sigmund
D:5:      layout_loops_ring, minmay_temple_entry_from_below_b,
          water_maze_lemuel, uniq_prince_ribbit1
D:6:      layout_basic, kiku_gazebo_garden_becter, skrybe_limestone_x,
          uniq_pikel
D:7:      layout_loops_corners, nzn_wu_jian_contemplation,
          overflow_temple_1_default
D:8:      layout_cave_pods, hellmonk_lair_entry_icy,
          gammafunk_ghost_nasty_kobolds
D:9:      layout_basic, nicolae_dithmenos_the_darkroom,
          mainiacjoe_overflow_six_doors_small, erik_orc_4
D:10:     layout_loops_ring, mainiacjoe_overflow_catwalk
D:11:     layout_small_grid
D:12:     layout_basic, corexii_leaking_fountain, serial_bayou_crossing,
          uniq_erolcha
D:13:     layout_small_grid, gauntlet_entry_generic, enter_trove_6,
          uniq_josephine
D:14:     layout_rooms, david_vaults_2, minmay_curled_crystal,
          grunt_ministairs_7, uniq_frances, uniq_rupert, uniq_azrael
D:15:     grunt_enter_depths_hoard, layout_gridville, nicolae_wwwww
Temple:   nicolae_temple_slightly_damp_pantheon
Lair:1:   layout_small_grid
Lair:2:   layout_misc_corridors, elwin_shoals_entry_rocks, uniq_maggie
Lair:3:   layout_loops_ring, hellmonk_spider_entry_life_and_decay,
          kennysheep_basilisk_garden
Lair:4:   layout_regular_city, lemuel_fruit_fields, grunt_megastairs_2,
          lemuel_fruit_fields
Lair:5:   hangedman_lair_tendril_chambers, layout_concentric_octagons,
          slime_entry_1, serial_bayou_shore_a
Shoals:1: layout_shoals
Shoals:2: layout_shoals
Shoals:3: layout_shoals, nzn_prometheus_bound
Shoals:4: shoals_end_hellmonk_storm_palace [storm_palace_center_circular,
          storm_palace_corner_altar, storm_palace_corner_narrow,
          storm_palace_corner_narrow, storm_palace_corner_grid]
Spider:1: layout_chambers, nicolae_spider_webs_and_nodes,
          nicolae_spider_rock_and_or_roll
Spider:2: layout_chambers, hangedman_spider_tarantella_strand
Spider:3: layout_cave_pods
Spider:4: spider_rune_water
Orc:1:    layout_caves, portal_ice_cave_rime
Orc:2:    grunt_orc_gardens, layout_diamond_mine, grunt_orc_garden,
          grunt_orc_garden, grunt_orc_garden, grunt_orc_garden
Elf:1:    minmay_the_grid_octo_2x2 [minmay_the_grid_octo_clover,
          minmay_the_grid_octo_77, minmay_the_grid_octo_concentric,
          minmay_the_grid_octo_prize_ultimate_mussel_roller], layout_gridlike,
          hangedman_corner_corridor, ebering_dispersal_statue_hall
Elf:2:    nicolae_elf_blades_splatter_lattice
          [nicolae_blade_entry_splitting_headache], layout_gridlike,
          uniq_roxanne
Elf:3:    elf_hall, layout_gridlike
Vaults:1: hangedman_vaults_impose, hangedman_vaults_cutoff,
          hangedman_vaults_unwind, hangedman_vaults_slice, v_misc_31,
          nicolae_vaults_little_squares_1, vaults_dpeg_emergency_exit,
          nicolae_vaults_display_case, layout_vaults_omnigrid, serial_shops,
          nicolae_shop_temple_entry_statues_fountains
Vaults:2: v_misc_33, nicolae_vaults_little_squares_4,
          nicolae_vaults_diagonal_hallway_9, nicolae_vaults_triangles,
          hangedman_vaults_maws, ontoclasm_vaults_tryst, grunt_vaults_twisty,
          v_misc_30, v_misc_11, hangedman_vaults_impose, vaults_room_large_hall,
          ontoclasm_vaults_hangar, st_lattice, ontoclasm_vaults_twist,
          layout_vaults_ring, uniq_zenata, uniq_bai_suzhen
Vaults:3: vaults_room_pools, dpeg_vaults_monster_box, v_misc_8,
          vaults_mumra_hexcomb, nicolae_vaults_alarming, v_rooms_4, v_pattern_1,
          v_alt_pattern_2, minmay_crypt_entry_simple_box,
          vaults_room_stairs_pillars, nicolae_vaults_diagonal_hallway_8,
          vaults_room_octagon, nicolae_vaults_little_squares_1,
          layout_vaults_omnicross, serial_shops, shop
Vaults:4: nicolae_vaults_disjoint_gnomons, nicolae_vaults_quadrants,
          hangedman_vaults_snaps, nicolae_vaults_specimen_jars,
          ontoclasm_vaults_gateway, v_pattern_2,
          nicolae_vaults_little_squares_6, v_misc_18, v_rooms_2,
          v_alt_pattern_4, hangedman_vaults_nails, vaults_dpeg_diagonal,
          vaults_dpeg_hooks, layout_vaults_omnibox
Vaults:5

Skill      XL: |  1  2  3  4  5  6  7  8  9 10 11 12 13 14 15 16 17 18 19 20 21 |
---------------+----------------------------------------------------------------+-----
Dodging        | 3 4 5 6 7 9 10 11 12 14 16 17 18 19 | 19.8
Armour         | 1 2 3 4 5 6 7 9 10 | 10.1
Polearms       | 3 4 5 6 7 9 10 11 12 13 14 15 16 17 18 | 18.3
Shields        | 1 2 3 4 5 6 7 9 10 | 10.1
Fighting       | 3 4 5 6 8 9 11 13 15 16 17 18 19 20 21 | 21.3
Invocations    | 4 6 9 11 13 15 16 17 | 17.3
Evocations     | 5 8 9 |  9.6
Throwing       | |  1.7

Action                     |  1- 3 |  4- 6 |  7- 9 | 10-12 | 13-15 | 16-18 | 19-21 || total
---------------------------+-------+-------+-------+-------+-------+-------+-------++-------
  Melee: Trident           |   116 |   144 |   275 |   173 |  1063 |  2360 |  2051 ||  6182
         Punch             |       |     1 |     4 |     2 |       |       |       ||     7
         Touch             |       |       |    43 |    13 |       |       |       ||    56
         Demon trident     |       |       |       |   654 |   538 |       |       ||  1192
  Throw: Throwing net      |       |     1 |     3 |     2 |       |       |     1 ||     7
         Javelin           |       |       |       |     1 |     1 |     1 |       ||     3
 Invoke: Ancestor Life: He |       |       |       |     1 |       |       |       ||     1
         Recall Ancestor   |       |       |       |       |       |     1 |     1 ||     2
    Use: Scroll            |     3 |     4 |     8 |     9 |     9 |     5 |    16 ||    54
         Potion            |       |     2 |     4 |     3 |    13 |     8 |     8 ||    38
   Stab: Sleeping          |     2 |     2 |     1 |     3 |     2 |     2 |     6 ||    18
         Distracted        |       |     1 |     1 |    13 |    14 |    33 |    17 ||    79
         Held in net/web   |       |     1 |     1 |       |       |     1 |     1 ||     4
         Confused          |       |       |       |    15 |    24 |    47 |    76 ||   162
         Petrified         |       |       |       |       |     5 |       |       ||     5
         Petrifying        |       |       |       |       |     2 |       |       ||     2
         Paralysed         |       |       |       |       |    47 |   123 |    62 ||   232
 Armour: Leather armour    |    30 |    23 |    51 |    48 |       |       |       ||   152
         Troll leather arm |       |       |       |    82 |   175 |   232 |   170 ||   659
  Dodge: Dodged            |    58 |    46 |   115 |   267 |   469 |   762 |   629 ||  2346
         Repelled          |       |       |       |    12 |     9 |    32 |    21 ||    74
  Block: Other             |    11 |    24 |    71 |    28 |       |       |       ||   134
         Buckler           |       |       |       |   464 |   936 |  1663 |  1354 ||  4417
         Reflection        |       |       |       |       |       |   108 |    57 ||   165

Table legend: (Time is in decaauts)
 A = Elapsed time spent in this place.
 B = Non-inter-level travel time spent in this place.
 C = Inter-level travel time spent in this place.
 D = Time resting spent in this place.
 E = Time spent auto-exploring this place.
 F = Levels seen in this place.
 G = Mean time per level.
                   A        B        C        D        E       F      G
               +--------+--------+--------+--------+--------+-----+--------+
         Total |  41771 |  38486 |   3285 |   2462 |  26096 |  46 |  908.1 |
       Dungeon |  14738 |  13351 |   1387 |    642 |   9710 |  15 |  982.5 |
        Temple |    225 |    225 |      0 |      0 |    156 |   1 |  225.0 |
          Lair |   4789 |   4332 |    457 |    100 |   3101 |   5 |  957.8 |
        Shoals |   3484 |   3299 |    185 |    281 |   1981 |   4 |  871.0 |
   Spider Nest |   5485 |   5190 |    295 |    390 |   3697 |   4 | 1371.2 |
  Orcish Mines |   1312 |   1107 |    205 |     56 |    701 |   2 |  656.0 |
   Elven Halls |   4451 |   4138 |    313 |    611 |   2213 |   3 | 1483.7 |
        Vaults |   5663 |   5221 |    442 |    220 |   3705 |   5 | 1132.6 |
         Abyss |    854 |    854 |      0 |    121 |    423 |   5 |  170.8 |
      Ice Cave |    376 |    376 |      0 |     15 |    215 |   1 |  376.0 |
      Gauntlet |    389 |    389 |      0 |     26 |    193 |   1 |  389.0 |
               +--------+--------+--------+--------+--------+-----+--------+

Top non-repeatable levels by time:
     D:8: 1742 daAuts
   Elf:2: 1604 daAuts
Spider:2: 1517 daAuts
   Elf:3: 1513 daAuts
Vaults:2: 1508 daAuts
Vaults:1: 1477 daAuts
Spider:4: 1420 daAuts
Spider:1: 1390 daAuts
Vaults:4: 1376 daAuts
     D:1: 1361 daAuts
   Elf:1: 1333 daAuts
  Lair:1: 1320 daAuts
Vaults:3: 1261 daAuts
Spider:3: 1158 daAuts
    D:12: 1125 daAuts
